Selects Luftwaffe Battlegroup
Selects Luftwaffe Pioneer Support
Fallschirmpioneer Squad Paradrop
Construct Infanterie Kompanie
Fallschirmpioneer Squad Paradrop
Selects Stuka Strafing Run
Fallschirmpioneer Squad Paradrop
Selects Fallschirmjäger Squad Paradrop
Fallschirmjäger Squad Paradrop
Construct Panzergrenadier Kompanie
Fallschirmjäger Squad Paradrop
Pak 40 Anti-tank Gun Team
Construct Panzer Kompanie